 Dungeon Crawl Stone Soup version 0.30.1-11-g7821555f0a (webtiles) character file.

Game seed: 18335553715567969627

442 jagang the Trooper (level 7, -3/58 HPs)
             Began as a Barachi Monk on Nov 10, 2023.
             Slain by a wyvern (9 damage)
             ... on level 5 of the Dungeon.
             The game lasted 00:08:33 (2751 turns).

jagang the Trooper (Barachi Monk)                   Turns: 2751, Time: 00:08:34

Health: -3/58      AC: 11    Str: 12    XL:     7   Next: 2%
Magic:  7/7        EV:  5    Int: 11    God:
Gold:   177        SH:  8    Dex: 16    Spells: 6/6 levels left

rFire   . . .        a - +0 falchion
rCold   . . .        j - +0 kite shield
rNeg    . . .        y - +0 chain mail
rPois   .            A - +0 helmet
rElec   .            (no cloak)
rCorr   .            r - +0 pair of gloves
SInv    .            (no boots)
Will    .....        s - amulet of regeneration Stlth
                     (no ring)
HPRegen 1.09/turn    (no ring)
MPRegen 0.10/turn

%: no passive effects
@: unable to hop, slow
A: amphibious, slowness 1, strong legs 1, +LOS
a: Hop


You were on level 5 of the Dungeon.
You visited 1 branch of the dungeon, and saw 5 of its levels.

You collected 177 gold pieces.

Inventory:

Hand Weapons
 a - a +0 falchion (weapon)
Missiles
 B - 6 boomerangs
 D - 7 poisoned darts (quivered)
Armour
 d - an orb of light
 j - a +0 kite shield (worn)
 r - a +0 pair of gloves (worn)
 y - a +0 chain mail (worn)
 A - a +0 helmet (worn)
Jewellery
 s - an amulet of regeneration (around neck)
Wands
 x - a wand of quicksilver (3)
 C - a wand of roots (4)
Scrolls
 b - a scroll of enchant armour {unknown}
 f - a scroll of fear {unknown}
 g - a scroll of magic mapping {unknown}
 k - 2 scrolls of teleportation {unknown}
 l - 2 scrolls of fog {unknown}
 o - a scroll of vulnerability {unknown}
 q - a scroll of silence {unknown}
 t - a scroll of acquirement {unknown}
 v - a scroll of noise {unknown}
 w - 3 scrolls of identify {unknown}
Potions
 c - a potion of ambrosia
 e - 3 potions of heal wounds {unknown}
 h - a potion of haste {unknown}
 i - a potion of brilliance {unknown}
 m - a potion of resistance {unknown}
 n - 2 potions of lignification {unknown}
 p - 2 potions of curing
 u - a potion of degeneration {unknown}
 z - 3 potions of magic {unknown}


   Skills:
 * Level 6.3 Fighting
 + Level 4.9 Long Blades
 + Level 1.0 Throwing
 + Level 2.7 Armour
 + Level 4.5 Dodging
 + Level 2.3 Shields


You had 6 spell levels left.
You didn't know any spells.
Your spell library was empty.

Dungeon Overview and Level Annotations

Branches:
Dungeon (5/15)
 Temple: D:4-7

Altars:
Ashenzari
Uskayaw
Wu Jian


Innate Abilities, Weirdness & Mutations

You are amphibious.
You cover ground slowly.
You can hop short distances.
You have an extended range of vision and can be seen from far away.


Message History

The wyvern is moderately wounded.
The wyvern bites you but does no damage.
The wyvern bites you.
You hit the wyvern.
The wyvern is heavily wounded.
The wyvern bites you but does no damage.
The wyvern bites you!
You hit the wyvern.
The wyvern is heavily wounded.
You block the wyvern's attack. The wyvern barely misses you.
You hit the wyvern but do no damage.
The wyvern is heavily wounded.
The wyvern bites you!
* * * LOW HITPOINT WARNING * * *
The wyvern bites you but does no damage.
Hop to where?
Press: ? - help, Dir - move target Boing!
Throw: 9 darts (poison)
Press: ? - help, Q - select action, (/) - cycle Shift-Dir - straight line, f - wyvern
Aim: a wyvern (heavily wounded, 63% to hit)
You throw a poisoned dart.
The poisoned dart barely misses the wyvern.
The wyvern barely misses you.
You hit the wyvern.
The wyvern is heavily wounded.
The wyvern barely misses you. You block the wyvern's attack.
You hit the wyvern but do no damage.
The wyvern is heavily wounded.
The wyvern bites you!
* * * LOW HITPOINT WARNING * * *
The wyvern barely misses you.
Throw: 8 darts (poison)
Press: ? - help, Q - select action, (/) - cycle Shift-Dir - straight line, f/p - wyvern
Aim: a wyvern (heavily wounded, 63% to hit)
You throw a poisoned dart. The poisoned dart hits the wyvern.
The wyvern is poisoned.
The wyvern is heavily wounded.
The wyvern bites you!
You die...

###(#............##
#(.)##.......(.###
#..(###.....####
#..†# ##..### ##..#
#### ##.## #..#
#.l## ##..@##
#.....## #..)...##
##......##
#.......# #.
##......# #..
#......## #...
##..)...# #..#
##..)..# #..#


You could see a wyvern (poisoned).

Vanquished Creatures
  A phantom (D:5)
  A kobold brigand (D:5)
  A scorpion (D:5)
  A howler monkey (D:5)
  A hound (D:4)
  Jessica (D:3)
  3 adders
  2 ufetubi
  4 dart slugs
  7 orcs
  7 endoplasms
  6 giant cockroaches
  2 goblins (D:1)
  7 hobgoblins
  14 kobolds
  7 quokkas
  9 ball pythons
  8 bats
  4 frilled lizards
  3 rats
89 creatures vanquished.

Vanquished Creatures (others)
  A kobold (D:3)
  A rat (D:3)
2 creatures vanquished.

Grand Total: 91 creatures vanquished

Notes
Turn   | Place    | Note
-------+----------+-------------------------------------------
     0 | D:1      | jagang the Barachi Monk began the quest for the Orb.
     0 | D:1      | Reached XP level 1. HP: 18/18 MP: 1/1
   140 | D:1      | Reached XP level 2. HP: 22/25 MP: 2/2
   141 | D:1      | Reached skill level 4 in Fighting
   683 | D:2      | Reached XP level 3. HP: 31/31 MP: 3/3
  1091 | D:2      | Found an ornate altar of the Wu Jian Council.
  1371 | D:3      | Found a hide-covered altar of Uskayaw.
  1621 | D:3      | Reached skill level 1 in Armour
  1621 | D:3      | Reached XP level 4. HP: 38/38 MP: 4/4
  1718 | D:3      | Noticed Jessica
  1742 | D:3      | Killed Jessica
  1743 | D:3      | Reached skill level 5 in Fighting
  1953 | D:3      | Reached skill level 1 in Shields
  2059 | D:4      | Reached XP level 5. HP: 44/44 MP: 5/5
  2398 | D:4      | Found a broken altar of Ashenzari.
  2521 | D:5      | Entered Level 5 of the Dungeon
  2580 | D:5      | Noticed a kobold brigand
  2587 | D:5      | Reached XP level 6. HP: 30/52 MP: 6/6
  2627 | D:5      | Reached skill level 6 in Fighting
  2704 | D:5      | Noticed a wyvern
  2734 | D:5      | Reached skill level 1 in Throwing
  2734 | D:5      | Reached XP level 7. HP: 38/58 MP: 7/7
  2751 | D:5      | Slain by a wyvern

Illustrated notes

Levels and vault maps discovered:
D:1:      sevenhm_arrival_forest_fort_small_4, layout_loops_ring
D:2:      layout_loops_ring, basic_altar
D:3:      layout_basic, nicolae_uskayaw_dance_hall, uniq_jessica
D:4:      layout_cave_pools, mainiacjoe_overflow_alcove_2
D:5:      layout_cave_pods, minmay_ogre_servants, uniq_prince_ribbit1,
          uniq_pikel, uniq_edmund

Skill      XL: |  1  2  3  4  5  6 |
---------------+-------------------+-----
Fighting       | 4 5 6 |  6.3
Long Blades    | 4 |  4.9
Armour         | 1 2 |  2.7
Shields        | 1 2 |  2.3
Dodging        | 4 |  4.5
Throwing       | 1 |  1.0

Action                     |  1- 3 |  4- 6 |  7- 9 || total
---------------------------+-------+-------+-------++-------
  Melee: Falchion          |   127 |   196 |    15 ||   338
  Throw: Boomerang         |       |    10 |       ||    10
         Dart              |       |     5 |     2 ||     7
Ability: Hop               |       |     3 |     1 ||     4
  Evoke: Wand              |       |     2 |       ||     2
 Armour: Robe              |    11 |       |       ||    11
         Ring mail         |    30 |    53 |       ||    83
         Chain mail        |       |    90 |     9 ||    99
  Dodge: Dodged            |    73 |    96 |     9 ||   178
  Block: Kite shield       |    27 |   117 |     4 ||   148
